TOP OF THE 1ST |
California State University at Fullerton Titans batting - Pitching for University of Nebraska Cornhuskers : RHP Santos Arevalo
|
Pitching: RHP Santos Arevalo
|
|
Batting: LHB Edwin Esparza
|
0-0: Ball 1-0: Foul Ball, location: 2F 1-1: Foul Ball, location: 2F 1-2: Ball 2-2: Ball 3-2: Foul Ball, location: 2F 3-2: SINGLE (Groundball, 4MD, EV 102.5 MPH)
|
Batting: RHB Zach Warwick
|
0-0: Ball 1-0: SINGLE (Line Drive, 89S, EV 108.8 MPH) Edwin Esparza to second
|
Batting: LHB Jim Snell
|
0-0: Ball 1-0: Ball 2-0: Called Strike 2-1: Swinging Strike 2-2: Strikes out swinging
|
Batting: LHB Mike Fernandez
|
0-0: Foul Ball, location: 2F 0-1: Ball 1-1: Called Strike 1-2: Ball 2-2: Ball 3-2: Foul Ball, location: 2F 3-2: Strikes out swinging
|
Batting: RHB Simon Sultzbach
|
0-0: Called Strike 0-1: Called Strike 0-2: Ball 1-2: Strikes out looking
|
Top of the 1st over - 0 runs, 2 hits, 0 errors, 2 left on base; California State University at Fullerton 0 - University of Nebraska 0 |
BOTTOM OF THE 1ST |
University of Nebraska Cornhuskers batting - Pitching for California State University at Fullerton Titans : RHP T.J. Keenan
|
Pitching: RHP T.J. Keenan
|
|
Batting: SHB Gary Luckwell
|
0-0: Swinging Strike 0-1: SINGLE (Groundball, 4D, EV 98.1 MPH)
|
Batting: RHB Danny Forbes
|
0-0: Called Strike Gary Luckwell steals 2nd base 0-1: Foul Ball, location: 2F 0-2: Ball 1-2: Strikes out swinging
|
Batting: LHB Avicenna Abdul-Muta'al
|
0-0: Called Strike Gary Luckwell steals 3rd base 0-1: Fly out, F7 (Flyball, 7S, EV 89.4 MPH)
|
Batting: LHB Bob Appleby
|
0-0: Ball 1-0: Ball 2-0: SINGLE (Line Drive, 5D, EV 104.4 MPH) Gary Luckwell scores
|
Batting: SHB Kent Worboys
|
0-0: Ball Bob Appleby steals 2nd, throwing error, E2 Bob Appleby to third 1-0: Ground out 4-3 (Groundball, 4, EV 89.4 MPH)
|
Bottom of the 1st over - 1 run, 2 hits, 1 error, 1 left on base; California State University at Fullerton 0 - University of Nebraska 1 |
TOP OF THE 2ND |
California State University at Fullerton Titans batting - Pitching for University of Nebraska Cornhuskers : RHP Santos Arevalo
|
Batting: LHB Alberto Aguilar
|
0-0: Ball 1-0: Foul Ball, location: 2F 1-1: Ground out 4-3 (Groundball, 4M, EV 110.6 MPH)
|
Batting: SHB Eric Delikat
|
0-0: Ball 1-0: Ball 2-0: Called Strike 2-1: Ball 3-1: Base on Balls
|
Batting: RHB Alex Freyre
|
0-0: Called Strike 0-1: Foul Ball, location: 2F 0-2: Foul Ball, location: 2F 0-2: Foul Ball, location: 2F 0-2: Ball 1-2: Ball 2-2: Ball 3-2: Strikes out swinging
|
Batting: RHB Justin Thomas
|
0-0: Ball 1-0: Foul Ball, location: 2F 1-1: Foul Ball, location: 2F 1-2: Strikes out swinging
|
Top of the 2nd over - 0 runs, 0 hits, 0 errors, 1 left on base; California State University at Fullerton 0 - University of Nebraska 1 |
BOTTOM OF THE 2ND |
University of Nebraska Cornhuskers batting - Pitching for California State University at Fullerton Titans : RHP T.J. Keenan
|
Batting: RHB Salvador Guillen
|
0-0: Called Strike 0-1: Called Strike 0-2: Foul Ball, location: 2F 0-2: Strikes out swinging
|
Batting: RHB Jason Blakeley
|
0-0: Ball 1-0: Foul Ball, location: 2F 1-1: Swinging Strike 1-2: Ground out U3 (Groundball, 13, EV 85.0 MPH)
|
Batting: RHB Tariq Garane
|
0-0: Ground out 5-3 (Groundball, 5, EV 86.2 MPH)
|
Bottom of the 2nd over - 0 runs, 0 hits, 0 errors, 0 left on base; California State University at Fullerton 0 - University of Nebraska 1 |
TOP OF THE 3RD |
California State University at Fullerton Titans batting - Pitching for University of Nebraska Cornhuskers : RHP Santos Arevalo
|
Batting: LHB Edwin Esparza
|
0-0: Ball 1-0: Swinging Strike 1-1: Foul Ball, location: 2F 1-2: Strikes out looking
|
Batting: RHB Zach Warwick
|
0-0: SINGLE (Groundball, 6MD, EV 96.2 MPH)
|
Batting: LHB Jim Snell
|
0-0: Called Strike 0-1: Called Strike 0-2: Strikes out swinging
|
Batting: LHB Mike Fernandez
|
0-0: Ball 1-0: Ball 2-0: Ball 3-0: Base on Balls Zach Warwick to second
|
Batting: RHB Simon Sultzbach
|
0-0: Ball 1-0: Swinging Strike 1-1: Ball 2-1: Swinging Strike 2-2: Ball 3-2: Ground out 4-3 (Groundball, 34, EV 99.4 MPH)
|
Top of the 3rd over - 0 runs, 1 hit, 0 errors, 2 left on base; California State University at Fullerton 0 - University of Nebraska 1 |
BOTTOM OF THE 3RD |
University of Nebraska Cornhuskers batting - Pitching for California State University at Fullerton Titans : RHP T.J. Keenan
|
Batting: RHB Will England
|
0-0: Ground out 4-3 (Groundball, 4, EV 84.4 MPH)
|
Batting: SHB Gary Luckwell
|
0-0: Ball 1-0: Ball 2-0: SINGLE (Groundball, 6S, EV 68.8 MPH) (infield hit)
|
Batting: RHB Danny Forbes
|
0-0: Ball 1-0: Fly out, F9 (Flyball, 9D, EV 96.2 MPH) Runner from 1st tags up, SAFE at 2nd
|
Batting: LHB Avicenna Abdul-Muta'al
|
0-0: Ball 1-0: Called Strike 1-1: Called Strike 1-2: Ball 2-2: Strikes out swinging
|
Bottom of the 3rd over - 0 runs, 1 hit, 0 errors, 1 left on base; California State University at Fullerton 0 - University of Nebraska 1 |
TOP OF THE 4TH |
California State University at Fullerton Titans batting - Pitching for University of Nebraska Cornhuskers : RHP Santos Arevalo
|
Batting: LHB Alberto Aguilar
|
0-0: Called Strike 0-1: Ground out 4-3 (Groundball, 4, EV 90.6 MPH)
|
Batting: SHB Eric Delikat
|
0-0: Called Strike 0-1: Swinging Strike 0-2: Foul Ball, location: 2F 0-2: Ball 1-2: SINGLE (Groundball, 34D, EV 106.2 MPH)
|
Batting: RHB Alex Freyre
|
0-0: Fielders Choice at 2nd, 5-4 (Groundball, 56S, EV 80.0 MPH)
|
Batting: RHB Justin Thomas
|
0-0: Ball 1-0: Ground out 4-3 (Groundball, 4S, EV 86.9 MPH)
|
Top of the 4th over - 0 runs, 1 hit, 0 errors, 1 left on base; California State University at Fullerton 0 - University of Nebraska 1 |
BOTTOM OF THE 4TH |
University of Nebraska Cornhuskers batting - Pitching for California State University at Fullerton Titans : RHP T.J. Keenan
|
Batting: LHB Bob Appleby
|
0-0: Called Strike 0-1: Foul Ball, location: 2F 0-2: Ball 1-2: Fly out, F6 (Popup, 6S, EV 71.2 MPH)
|
Batting: SHB Kent Worboys
|
0-0: Called Strike 0-1: Fly out, F7 (Flyball, 7D, EV 101.9 MPH)
|
Batting: RHB Salvador Guillen
|
0-0: Called Strike 0-1: Ground out U3 (Groundball, 3L, EV 92.5 MPH)
|
Bottom of the 4th over - 0 runs, 0 hits, 0 errors, 0 left on base; California State University at Fullerton 0 - University of Nebraska 1 |
TOP OF THE 5TH |
California State University at Fullerton Titans batting - Pitching for University of Nebraska Cornhuskers : RHP Santos Arevalo
|
Batting: LHB Edwin Esparza
|
0-0: Ball 1-0: Foul Ball, location: 2F 1-1: Foul Ball, location: 2F 1-2: Strikes out swinging
|
Pitching: RHP Antonino Charno
|
|
Batting: RHB Zach Warwick
|
0-0: Ground out 4-3 (Groundball, 4, EV 105.0 MPH)
|
Batting: LHB Jim Snell
|
0-0: Swinging Strike 0-1: SOLO HOME RUN (Flyball, 9D, EV 96.2 MPH), Distance : 360 ft
|
Batting: LHB Mike Fernandez
|
0-0: Called Strike 0-1: Foul Ball, location: 2F 0-2: Ground out 6-3 (Groundball, 4MS, EV 87.5 MPH)
|
Top of the 5th over - 1 run, 1 hit, 0 errors, 0 left on base; California State University at Fullerton 1 - University of Nebraska 1 |
BOTTOM OF THE 5TH |
University of Nebraska Cornhuskers batting - Pitching for California State University at Fullerton Titans : RHP T.J. Keenan
|
Batting: RHB Jason Blakeley
|
0-0: Foul Ball, location: 2F 0-1: Foul Ball, location: 2F 0-2: Foul Ball, location: 2F 0-2: Foul Ball, location: 2F 0-2: Ball 1-2: Fly out, F9 (Flyball, 9LS, EV 90.6 MPH)
|
Batting: RHB Tariq Garane
|
0-0: Ball 1-0: Ball 2-0: Ball 3-0: Called Strike 3-1: Called Strike 3-2: Ground out 3-1 (Groundball, 34, EV 88.8 MPH)
|
Batting: RHB Will England
|
0-0: Called Strike 0-1: Foul Ball, location: 2F 0-2: Foul Ball, location: 2F 0-2: Ball 1-2: Ground out 5-3 (Groundball, 56S, EV 60.0 MPH)
|
Bottom of the 5th over - 0 runs, 0 hits, 0 errors, 0 left on base; California State University at Fullerton 1 - University of Nebraska 1 |
TOP OF THE 6TH |
California State University at Fullerton Titans batting - Pitching for University of Nebraska Cornhuskers : RHP Antonino Charno
|
Batting: RHB Simon Sultzbach
|
0-0: Ball 1-0: Foul Ball, location: 2F 1-1: Foul Ball, location: 2F 1-2: Foul Ball, location: 2F 1-2: DOUBLE (Line Drive, 9LS, EV 96.9 MPH)
|
Batting: LHB Alberto Aguilar
|
0-0: Ball 1-0: Called Strike 1-1: Ball 2-1: Foul Ball, location: 2F 2-2: Ball 3-2: Foul Ball, location: 2F 3-2: Base on Balls
|
Batting: SHB Eric Delikat
|
0-0: Called Strike 0-1: Called Strike 0-2: Foul Ball, location: 2F 0-2: Strikes out swinging
|
Pinch Hitting: LHB John Blumberg
|
0-0: Foul Ball, location: 2F 0-1: Ball 1-1: Foul Ball, location: 2F 1-2: Ball 2-2: Ball 3-2: Strikes out looking
|
Batting: RHB Justin Thomas
|
0-0: Ball 1-0: Ball 2-0: Ball 3-0: Base on Balls Simon Sultzbach to third Alberto Aguilar to second
|
Batting: LHB Edwin Esparza
|
0-0: Ball 1-0: Ball 2-0: Ball 3-0: Base on Balls Simon Sultzbach scores Alberto Aguilar to third Justin Thomas to second
|
Batting: RHB Zach Warwick
|
0-0: Called Strike 0-1: Ground out 4-3 (Groundball, 4, EV 90.6 MPH)
|
Top of the 6th over - 1 run, 1 hit, 0 errors, 3 left on base; California State University at Fullerton 2 - University of Nebraska 1 |
BOTTOM OF THE 6TH |
University of Nebraska Cornhuskers batting - Pitching for California State University at Fullerton Titans : RHP T.J. Keenan
|
Now in CF: Kris Zimbalist
|
|
Batting: SHB Gary Luckwell
|
0-0: Ball 1-0: Ball 2-0: Swinging Strike 2-1: Ball 3-1: Called Strike 3-2: Foul Ball, location: 2F 3-2: Fly out, F3 (Popup, 3F, EV 81.2 MPH)
|
Batting: RHB Danny Forbes
|
0-0: Ball 1-0: Ball 2-0: SINGLE (Groundball, 4D, EV 100.0 MPH)
|
Batting: LHB Avicenna Abdul-Muta'al
|
0-0: Ball 1-0: Called Strike Danny Forbes steals 2nd base 1-1: Swinging Strike 1-2: Ball 2-2: Ball 3-2: Foul Ball, location: 2F 3-2: Foul Ball, location: 2F 3-2: Ground out 4-3 (Groundball, 4M, EV 79.4 MPH) Danny Forbes to third
|
Pitching: RHP Jorge Garza
|
|
Batting: LHB Bob Appleby
|
0-0: SINGLE (Groundball, 6S, EV 76.2 MPH) (infield hit) Danny Forbes scores
|
Batting: SHB Kent Worboys
|
0-0: Called Strike 0-1: Fly out, F8 (Flyball, 78D, EV 90.6 MPH)
|
Bottom of the 6th over - 1 run, 2 hits, 0 errors, 1 left on base; California State University at Fullerton 2 - University of Nebraska 2 |
TOP OF THE 7TH |
California State University at Fullerton Titans batting - Pitching for University of Nebraska Cornhuskers : RHP Antonino Charno
|
Pitching: LHP Nate Wood
|
|
Batting: LHB Jim Snell
|
0-0: Fly out, F8 (Flyball, 8LM, EV 98.1 MPH)
|
Batting: LHB Mike Fernandez
|
0-0: Foul Ball, location: 2F 0-1: Ball 1-1: Ground out 4-3 (Groundball, 4, EV 100.0 MPH)
|
Batting: RHB Simon Sultzbach
|
0-0: Ball 1-0: Called Strike 1-1: Fly out, F8 (Line Drive, 8LM, EV 94.4 MPH)
|
Top of the 7th over - 0 runs, 0 hits, 0 errors, 0 left on base; California State University at Fullerton 2 - University of Nebraska 2 |
BOTTOM OF THE 7TH |
University of Nebraska Cornhuskers batting - Pitching for California State University at Fullerton Titans : RHP Jorge Garza
|
Batting: RHB Salvador Guillen
|
0-0: Ball 1-0: Foul Ball, location: 2F 1-1: Ball 2-1: Swinging Strike 2-2: Ball 3-2: Strikes out swinging, 2-3 out at first.
|
Batting: RHB Jason Blakeley
|
0-0: Fly out, F7 (Flyball, 7D, EV 88.1 MPH)
|
Batting: RHB Tariq Garane
|
0-0: Foul Ball, location: 2F 0-1: Foul Ball, location: 2F 0-2: Foul Ball, location: 2F 0-2: Ball 1-2: Foul Ball, location: 2F 1-2: Ball 2-2: Foul Ball, location: 2F 2-2: Fly out, F8 (Flyball, 89M, EV 82.5 MPH)
|
Bottom of the 7th over - 0 runs, 0 hits, 0 errors, 0 left on base; California State University at Fullerton 2 - University of Nebraska 2 |
TOP OF THE 8TH |
California State University at Fullerton Titans batting - Pitching for University of Nebraska Cornhuskers : LHP Nate Wood
|
Batting: LHB Alberto Aguilar
|
0-0: Ground out U3 (Groundball, 34S, EV 65.0 MPH)
|
Batting: SHB Eric Delikat
|
0-0: Ball 1-0: Ball 2-0: Foul Ball, location: 2F 2-1: Ball 3-1: Ground out 6-3 (Groundball, 6M, EV 87.5 MPH)
|
Pinch Hitting: LHB Steve Lane
|
0-0: Swinging Strike 0-1: Foul Ball, location: 2F 0-2: Strikes out swinging
|
Top of the 8th over - 0 runs, 0 hits, 0 errors, 0 left on base; California State University at Fullerton 2 - University of Nebraska 2 |
BOTTOM OF THE 8TH |
University of Nebraska Cornhuskers batting - Pitching for California State University at Fullerton Titans : RHP Jorge Garza
|
Pitching: RHP Jaime Zapata
|
|
Now in CF: Steve Lane
|
|
Batting: RHB Will England
|
0-0: Called Strike 0-1: Called Strike 0-2: Ball 1-2: Ground out 5-3 (Groundball, 5, EV 80.0 MPH)
|
Batting: SHB Gary Luckwell
|
0-0: Ball 1-0: Fly out, F8 (Flyball, 89M, EV 86.9 MPH)
|
Batting: RHB Danny Forbes
|
0-0: Ball 1-0: Ball 2-0: Swinging Strike 2-1: Swinging Strike 2-2: Ball 3-2: Base on Balls
|
Batting: LHB Avicenna Abdul-Muta'al
|
0-0: Called Strike 0-1: Foul Ball, location: 2F 0-2: Fly out, F9 (Flyball, 9LS, EV 83.8 MPH)
|
Bottom of the 8th over - 0 runs, 0 hits, 0 errors, 1 left on base; California State University at Fullerton 2 - University of Nebraska 2 |
TOP OF THE 9TH |
California State University at Fullerton Titans batting - Pitching for University of Nebraska Cornhuskers : LHP Nate Wood
|
Pitching: RHP Jason Kelly
|
|
Batting: RHB Justin Thomas
|
0-0: Ball 1-0: Called Strike 1-1: Foul Ball, location: 2F 1-2: Foul Ball, location: 2F 1-2: SINGLE (Flyball, 9LS, EV 91.2 MPH)
|
Batting: LHB Edwin Esparza
|
0-0: Sac Bunt to 13S - play at first, batter OUT! 1-4 Justin Thomas to second
|
Batting: RHB Zach Warwick
|
0-0: Ball 1-0: Ball 2-0: Foul Ball, location: 2F 2-1: Foul Ball, location: 2F 2-2: Foul Ball, location: 2F 2-2: Fly out, F9 (Flyball, 9LSF, EV 85.0 MPH)
|
Batting: LHB Jim Snell
|
0-0: Called Strike 0-1: Swinging Strike 0-2: Ball 1-2: Ground out 5-3 (Groundball, 5L, EV 108.1 MPH)
|
Top of the 9th over - 0 runs, 1 hit, 0 errors, 1 left on base; California State University at Fullerton 2 - University of Nebraska 2 |
BOTTOM OF THE 9TH |
University of Nebraska Cornhuskers batting - Pitching for California State University at Fullerton Titans : RHP Jaime Zapata
|
Pitching: LHP Robert Rodriguez
|
|
Batting: LHB Bob Appleby
|
0-0: Ball 1-0: Ball 2-0: Called Strike 2-1: Ball 3-1: Fly out, F9 (Flyball, 9D, EV 88.1 MPH)
|
Batting: SHB Kent Worboys
|
0-0: Swinging Strike 0-1: Ball 1-1: Ball 2-1: Foul Ball, location: 2F 2-2: Ball 3-2: Base on Balls
|
Batting: RHB Salvador Guillen
|
0-0: Ball 1-0: Ball 2-0: Foul Ball, location: 2F 2-1: Foul Ball, location: 2F 2-2: Ball 3-2: Grounds into double play, 5-4-3 (Groundball, 5, EV 101.2 MPH)
|
Bottom of the 9th over - 0 runs, 0 hits, 0 errors, 0 left on base; California State University at Fullerton 2 - University of Nebraska 2 |
TOP OF THE 10TH |
California State University at Fullerton Titans batting - Pitching for University of Nebraska Cornhuskers : RHP Jason Kelly
|
Batting: LHB Mike Fernandez
|
0-0: Called Strike 0-1: Ground out 6-3 (Groundball, 6, EV 102.5 MPH)
|
Batting: RHB Simon Sultzbach
|
0-0: Called Strike 0-1: Ball 1-1: Ball 2-1: Ball 3-1: Ground out 4-3 (Groundball, 4M, EV 95.0 MPH)
|
Batting: LHB Alberto Aguilar
|
0-0: Called Strike 0-1: Foul Ball, location: 2F 0-2: Ball 1-2: Ball 2-2: Ball 3-2: Base on Balls
|
Batting: SHB Eric Delikat
|
0-0: Called Strike 0-1: Ball 1-1: Ball 2-1: Called Strike 2-2: Ball 3-2: Base on Balls Alberto Aguilar to second
|
Pitching: RHP Miguel Bustamante
|
|
Batting: LHB Steve Lane
|
0-0: Ball 1-0: Foul Ball, location: 2F 1-1: Called Strike 1-2: Strikes out swinging
|
Top of the 10th over - 0 runs, 0 hits, 0 errors, 2 left on base; California State University at Fullerton 2 - University of Nebraska 2 |
BOTTOM OF THE 10TH |
University of Nebraska Cornhuskers batting - Pitching for California State University at Fullerton Titans : LHP Robert Rodriguez
|
Pitching: LHP David Garcia
|
|
Batting: RHB Jason Blakeley
|
0-0: Swinging Strike 0-1: Called Strike 0-2: Ball 1-2: Ball 2-2: Ground out 6-3 (Groundball, 56D, EV 81.9 MPH)
|
Batting: RHB Tariq Garane
|
0-0: Called Strike 0-1: Called Strike 0-2: Ball 1-2: Ball 2-2: Foul Ball, location: 2F 2-2: Fly out, F7 (Flyball, 7S, EV 83.8 MPH)
|
Batting: RHB Will England
|
0-0: Called Strike 0-1: Ball 1-1: Ball 2-1: Called Strike 2-2: Foul Ball, location: 2F 2-2: DOUBLE (Flyball, 8LXD, EV 105.6 MPH)
|
Batting: SHB Gary Luckwell
|
0-0: Intentional Walk
|
Batting: RHB Danny Forbes
|
0-0: Called Strike 0-1: Ball 1-1: Ball 2-1: SINGLE (Line Drive, 6MD, EV 99.4 MPH) Will England to third Gary Luckwell to second Runner from 3rd tries for Home, SAFE, throw by CF to home
|
Bottom of the 10th over - 1 run, 2 hits, 0 errors, 2 left on base; California State University at Fullerton 2 - University of Nebraska 3 |
|